 Dungeon Crawl Stone Soup version 0.21.1-1-g345015f (webtiles) character file.

79 Kandryn the Chopper (level 4, 0/45 HPs)
             Began as a Troll Berserker on June 20, 2018.
             Was a Believer of Trog.
             Killed by divine providence
             ... invoked by an orc priest
              (13 damage)
             ... on level 3 of the Dungeon.
             The game lasted 00:07:11 (1755 turns).

Kandryn the Chopper (Troll Berserker)               Turns: 1755, Time: 00:07:12

Health: 0/45       AC:  6    Str: 24 (26) XL:     4   Next: 16%
Magic:  3/3        EV: 10    Int:  1 (3)  God:    Trog [**....]
Gold:   88         SH:  0    Dex:  7 (9)  Spells: 3/3 levels left

rFire    . . .     SeeInvis .   a - +0 hand axe
rCold    . . .     Gourm    +   (no shield)
rNeg     . . .     Faith    .   b - +1 animal skin
rPois    .         Spirit   .   (helmet restricted)
rElec    .         Reflect  .   (no cloak)
rCorr    .         Harm     .   (gloves unavailable)
MR       .....                  (boots unavailable)
Stlth    +.........             (no amulet)
HPRegen  0.55/turn              (no ring)
MPRegen  0.08/turn              (no ring)

@: slowed, lost intelligence, very slow
A: large, unfitting armour, claws 3, fast metabolism 3, gourmand, regeneration
1, shaggy fur 1, tough skin 2
a: Berserk, Trog's Hand, Burn Spellbooks, Renounce Religion


You were on level 3 of the Dungeon.
You worshipped Trog.
Trog was pleased with you.
You were not hungry.

You visited 1 branch of the dungeon, and saw 3 of its levels.

You collected 88 gold pieces.

Inventory:

Hand Weapons
 a - a +0 hand axe (weapon)
 g - a +4 dagger of holy wrath
Armour
 b - a +1 animal skin (worn)
Wands
 i - a wand of acid (9)
Scrolls
 e - a scroll of enchant armour
 f - 3 scrolls of identify
 h - a scroll of remove curse
Comestibles
 c - 5 rations


   Skills:
 + Level 3.0 Fighting
 + Level 3.3 Axes
 + Level 2.9 Dodging


You had 3 spell levels left.
You didn't know any spells.

Dungeon Overview and Level Annotations

Branches:
Dungeon (3/15)

Altars:
Cheibriados
Dithmenos
Elyvilon
Makhleb
Vehumet


Innate Abilities, Weirdness & Mutations

You are too large for most types of armour.
You have claws for hands.
Your metabolism is lightning-fast.
You like to eat raw meat.
Your natural rate of healing is unusually fast.
You are covered in fur. (AC +1)
You have very tough skin. (AC +2)


Message History

You hit the orc priest but do no damage.
The orc hits you.
The orc priest calls upon Beogh to heal the orc.
The orc's wounds heal themselves!
You closely miss the orc.
You hit the orc priest but do no damage.
The orc hits you.
The orc priest hits you with a hand axe.
The orc barely misses you.
The orc priest calls down the wrath of Beogh upon you.
Pain shoots through your body!
You closely miss the orc. You closely miss the orc priest. The orc misses you.
The orc priest hits you with a hand axe!
* * * LOW HITPOINT WARNING * * *
The orc hits you but does no damage. The orc hits you but does no damage.
The orc priest miscasts a cantrip.
The orc priest mumbles some strange prayers to Beogh against you.
Beogh smites you!
You die...

######### ######## #.......#
#.....(# #.......# . #......#
#.......#
?...##########oo@...####.......##
.[(........).oo........'[........
_......#######......##.#.......#.
....... #########.#########.
..⌠.... #.# #. ...o.$. #.#
######. ...._.. #.####.(....
..o.o.. #.#......).. #...###
#.#.#....._.


You could see an orc priest and 3 orcs.

Vanquished Creatures
  An orc wizard (D:3)
  2 adders (D:3)
  An adder zombie (D:1)
  A bat zombie (D:1)
  2 giant cockroaches
  7 goblins
  5 hobgoblins
  3 bats (D:2)
  A frilled lizard (D:2)
  4 kobolds
  3 rats
30 creatures vanquished.

Notes
Turn   | Place    | Note
-------+----------+-------------------------------------------
     0 | D:1      | Kandryn the Troll Berserker began the quest for the Orb.
     0 | D:1      | Reached XP level 1. HP: 22/22 MP: 0/0
   232 | D:1      | Reached XP level 2. HP: 29/29 MP: 1/1
   330 | D:1      | Found a snail-covered altar of Cheibriados.
   679 | D:2      | Lost intelligence.
   978 | D:2      | Found a burning altar of Makhleb.
   988 | D:2      | Noticed a cacodemon
   992 | D:2      | Noticed a neqoxec
   992 | D:2      | Noticed a hellwing
  1097 | D:2      | Reached ** piety under Trog
  1124 | D:2      | Reached XP level 3. HP: 32/36 MP: 2/2
  1652 | D:3      | Found a white marble altar of Elyvilon.
  1723 | D:3      | Found a shadowy altar of Dithmenos.
  1723 | D:3      | Found a radiant altar of Vehumet.
  1743 | D:3      | Reached XP level 4. HP: 18/45 MP: 3/3
  1755 | D:3      | Killed from afar by an orc priest

Skill      XL: |  1  2  3 |
---------------+----------+-----
Axes           | 3 |  3.3
Fighting       | 3 |  3.0
Dodging        | |  2.9

Action                   |  1- 3 |  4- 6 || total
-------------------------+-------+-------++-------
Melee: Hand axe          |   111 |     5 ||   116
  Use: Scroll            |     5 |       ||     5
       Potion            |     2 |     1 ||     3
  Eat: Chunk             |    10 |       ||    10
       Ration            |     3 |       ||     3
Armor: Animal skin       |    46 |     7 ||    53
Dodge: Dodged            |    80 |     7 ||    87
